 Dungeon Crawl Stone Soup version 0.27.1-2-g3b301248ec (webtiles) character file.

Game seed: 18210923887707807049

319 Rickety the Stinger (level 6, 0/44 HPs)
             Began as a Gnoll Venom Mage on Sept 23, 2021.
             Succumbed to a kobold brigand's poison
             ... in a sewer.
             The game lasted 00:08:27 (3507 turns).

Rickety the Stinger (Gnoll Venom Mage)              Turns: 3507, Time: 00:08:27

Health: 0/44       AC:  2    Str:  7    XL:     6   Next: 45%
Magic:  4/14       EV: 13    Int: 17    God:
Gold:   137        SH:  0    Dex: 12    Spells: 9/15 levels left

rFire    . . .     SeeInvis .   m - +1 dagger (venom)
rCold    . . .     Faith    .   (no shield)
rNeg     . . .     Spirit   .   a - +0 robe
rPois    .         Reflect  .   (no helmet)
rElec    .         Harm     .   (no cloak)
rCorr    .         Rampage  .   (no gloves)
Will     .....                  (no boots)
Stlth    +++.......             (no amulet)
HPRegen  0.14/turn              d - ring of wizardry
MPRegen  0.14/turn              (no ring)

@: lethally poisoned (0 -> -17)
A: fangs 1, strong nose, distributed training
a: no special abilities


You were in a sewer.
You visited 1 branch of the dungeon, and saw 3 of its levels.
You also visited: Sewer.

You collected 137 gold pieces.

Inventory:

Hand Weapons
 g - a +0 short sword
 h - a +1 dagger of protection
 m - a +1 dagger of venom (weapon)
Armour
 a - a +0 robe (worn)
Jewellery
 d - a ring of wizardry (left hand)
Scrolls
 c - 2 scrolls of teleportation {unknown}
 f - a scroll of enchant armour {unknown}
 j - a scroll of silence {unknown}
Potions
 b - 2 potions of mutation {unknown}
 e - a potion of berserk rage {unknown}
 i - a potion of flight {unknown}
 k - a potion of attraction {unknown}
 l - a potion of degeneration {unknown}


   Skills:
 + Level 2.0 Fighting
 + Level 2.0 Short Blades
 + Level 2.0 Long Blades
 + Level 2.0 Axes
 + Level 2.0 Maces & Flails
 + Level 2.0 Polearms
 + Level 2.0 Staves
 + Level 2.0 Slings
 + Level 2.0 Bows
 + Level 2.0 Crossbows
 + Level 2.0 Throwing
 + Level 2.0 Armour
 + Level 5.0 Dodging
 + Level 4.6 Stealth
 + Level 2.0 Shields
 + Level 2.0 Unarmed Combat
 + Level 5.3 Spellcasting
 + Level 1.5 Conjurations
 + Level 1.5 Hexes
 + Level 1.5 Summonings
 + Level 1.5 Necromancy
 + Level 1.5 Translocations
 + Level 2.6 Transmutations
 + Level 1.5 Fire Magic
 + Level 1.5 Ice Magic
 + Level 1.5 Air Magic
 + Level 1.5 Earth Magic
 + Level 5.6 Poison Magic
 + Level 2.1 Invocations
 + Level 2.0 Evocations


You had 9 spell levels left.
You knew the following spells:

 Your Spells              Type           Power      Damage    Failure   Level
a - Sting                 Tmut/Pois      72%        1d6       1%          1
m - Mephitic Cloud        Conj/Pois/Air  14%        N/A       4%          3
v - Poisonous Vapours     Pois/Air       32%        N/A       1%          2

Your spell library contained the following spells:

 Spells                   Type           Power      Damage    Failure   Level
 Passwall                 Tmut/Erth      9%         N/A       3%          2
 Olgreb's Toxic Radiance  Pois           23%        N/A       5%          4
 Swiftness                Air            9%         N/A       9%          3
 Invisibility             Hex            4%         N/A       98%         6


Dungeon Overview and Level Annotations

Branches:
Dungeon (3/15)              Sewer (1/1)

Altars:

Shops:
D:3 [


Innate Abilities, Weirdness & Mutations

You have very sharp teeth.
Your uncanny sense of smell can sniff out nearby items.
Your experience applies equally to all skills.


Message History

The river rat bites you but does no damage.
You feel sick.
You kill the river rat!
You feel sick.
You feel sick.
Aiming: Sting (safe; 1% risk of failure)
Press: ? - help, Q - select action, (/) - cycle Shift-Dir - straight line, f/p - kobold brigand
Aim: a kobold brigand, wielding a +0 club and quivering poisoned darts (heavily wounded, very poisoned, 67% to hit)
The sting hits the kobold brigand.
The kobold brigand looks even sicker.
The kobold brigand is severely wounded.
You feel sick.
You are no longer poisoned.
The kobold brigand throws a poisoned dart.
The poisoned dart closely misses you.
Aiming: Sting (safe; 1% risk of failure)
Press: ? - help, Q - select action, (/) - cycle Shift-Dir - straight line, f/p - kobold brigand
Aim: a kobold brigand, wielding a +0 club and quivering poisoned darts (severely wounded, very poisoned, 67% to hit)
The sting hits the kobold brigand.
The kobold brigand looks as sick as possible!
The kobold brigand is severely wounded.
The kobold brigand throws a poisoned dart.
The poisoned dart hits you!
You are lethally poisoned!
Aiming: Sting (safe; 1% risk of failure)
Press: ? - help, Q - select action, (/) - cycle Shift-Dir - straight line, f/p - kobold brigand
Aim: a kobold brigand, wielding a +0 club and quivering poisoned darts (severely wounded, extremely poisoned, 67% to hit)
The sting hits the kobold brigand.
The kobold brigand looks as sick as possible!
The kobold brigand is almost dead.
* * * LOW HITPOINT WARNING * * *
You feel very sick.
The kobold brigand throws a poisoned dart.
The poisoned dart hits you!
You are more poisoned.
Unknown command.
Aiming: Sting (safe; 1% risk of failure)
Press: ? - help, Q - select action, (/) - cycle Shift-Dir - straight line, f/p - kobold brigand
Aim: a kobold brigand, wielding a +0 club and quivering poisoned darts (almost dead, extremely poisoned, 67% to hit)
The sting misses the kobold brigand.
You die...

#≈#≈#≈#≈ #.)≈#≈≈.
##.###≈# #≈# #≈#
#≈###†# #≈≈≈K≈#
##≈≈≈## . #≈≈≈#
≈≈≈ #..@# .≈.#
##≈≈.# ....#
##≈.≈.#
≈≈≈.≈#####≈.≈≈.#
#≈.≈..≈≈≈.≈≈..##
##.≈≈≈.≈≈≈.###
##..≈≈..≈## ≈
##≈..≈.≈≈##
.≈##≈..≈....≈##≈.≈


You could see a kobold brigand (extremely poisoned).

Vanquished Creatures
  Sigmund (D:2)
  Robin (D:2)
  4 river rats
  An adder (Sewer)
  4 worms
  A dart slug (D:2)
  8 endoplasms
  2 giant cockroaches (D:3)
  14 goblins
  6 hobgoblins
  5 jackals
  2 kobolds
  3 quokkas (D:1)
  5 ball pythons
  6 bats
  15 rats
78 creatures vanquished.

Notes
Turn   | Place    | Note
-------+----------+-------------------------------------------
     0 | D:1      | Rickety the Gnoll Venom Mage began the quest for the Orb.
     0 | D:1      | Reached XP level 1. HP: 13/13 MP: 6/6
   194 | D:1      | Reached XP level 2. HP: 19/19 MP: 2/7
   197 | D:1      | Learned a level 2 spell: Poisonous Vapours
   622 | D:1      | Reached XP level 3. HP: 18/25 MP: 3/9
   627 | D:1      | Learned a level 3 spell: Mephitic Cloud
   730 | D:1      | Reached skill level 5 in Spellcasting
  1071 | D:2      | Found a faded altar of an unknown god.
  1135 | D:2      | Reached skill level 1 in Invocations
  1244 | D:2      | Noticed Sigmund
  1527 | D:2      | Killed Sigmund
  1528 | D:2      | Reached skill level 1 in Fighting
  1528 | D:2      | Reached skill level 1 in Short Blades
  1528 | D:2      | Reached skill level 1 in Long Blades
  1528 | D:2      | Reached skill level 1 in Axes
  1528 | D:2      | Reached skill level 1 in Maces & Flails
  1528 | D:2      | Reached skill level 1 in Polearms
  1528 | D:2      | Reached skill level 1 in Staves
  1528 | D:2      | Reached skill level 1 in Slings
  1528 | D:2      | Reached skill level 1 in Bows
  1528 | D:2      | Reached skill level 1 in Crossbows
  1528 | D:2      | Reached skill level 1 in Throwing
  1528 | D:2      | Reached skill level 1 in Armour
  1528 | D:2      | Reached skill level 1 in Shields
  1528 | D:2      | Reached skill level 1 in Unarmed Combat
  1528 | D:2      | Reached skill level 1 in Conjurations
  1528 | D:2      | Reached skill level 1 in Hexes
  1528 | D:2      | Reached skill level 1 in Summonings
  1528 | D:2      | Reached skill level 1 in Necromancy
  1528 | D:2      | Reached skill level 1 in Translocations
  1528 | D:2      | Reached skill level 1 in Fire Magic
  1528 | D:2      | Reached skill level 1 in Ice Magic
  1528 | D:2      | Reached skill level 1 in Air Magic
  1528 | D:2      | Reached skill level 1 in Earth Magic
  1528 | D:2      | Reached skill level 1 in Evocations
  1528 | D:2      | Reached XP level 4. HP: 31/33 MP: 2/11
  1528 | D:2      | Reached XP level 5. HP: 36/38 MP: 2/12
  1670 | D:2      | Noticed Robin
  1904 | D:2      | Killed Robin
  1905 | D:2      | Reached XP level 6. HP: 34/44 MP: 3/13
  2830 | D:3      | Found Cotituaph's Armour Shop.
  3096 | D:3      | Found a glowing drain.
  3145 | D:3      | Reached skill level 5 in Dodging
  3166 | Sewer    | Entered a sewer
  3507 | Sewer    | Succumbed to a kobold brigand's poison

Illustrated notes

Levels and vault maps discovered:
D:1:      dpeg_arrival_line_fractal, layout_rooms, nrook_mini_vaults
D:2:      layout_basic, ebering_ecumenical_altar_sacrificial, uniq_robin,
          uniq_sigmund
D:3:      layout_basic, portal_sewer_entry_e, serial_shops, shop, uniq_terence
Sewer:    sewer_co_tree

Skill      XL: |  1  2  3  4  5  6 |
---------------+-------------------+-----
Transmutations | 2 |  2.6
Spellcasting   | 5 |  5.3
Invocations    | 1 2 |  2.1
Fighting       | 1 2 |  2.0
Short Blades   | 1 2 |  2.0
Long Blades    | 1 2 |  2.0
Axes           | 1 2 |  2.0
Maces & Flails | 1 2 |  2.0
Polearms       | 1 2 |  2.0
Staves         | 1 2 |  2.0
Slings         | 1 2 |  2.0
Bows           | 1 2 |  2.0
Crossbows      | 1 2 |  2.0
Throwing       | 1 2 |  2.0
Armour         | 1 2 |  2.0
Shields        | 1 2 |  2.0
Unarmed Combat | 1 2 |  2.0
Conjurations   | 1 |  1.5
Hexes          | 1 |  1.5
Summonings     | 1 |  1.5
Necromancy     | 1 |  1.5
Translocations | 1 |  1.5
Fire Magic     | 1 |  1.5
Ice Magic      | 1 |  1.5
Air Magic      | 1 |  1.5
Earth Magic    | 1 |  1.5
Evocations     | 1 2 |  2.0
Dodging        | 5 |  5.0
Stealth        | |  4.6
Poison Magic   | |  5.6

Action                   |  1- 3 |  4- 6 || total
-------------------------+-------+-------++-------
Melee: Short sword       |    12 |       ||    12
       Dagger            |    42 |    62 ||   104
       Bite              |     3 |     2 ||     5
 Cast: Sting             |    48 |    37 ||    85
       Poisonous Vapours |     6 |    29 ||    35
       Mephitic Cloud    |     4 |     3 ||     7
 Stab: Sleeping          |     5 |     4 ||     9
       Confused          |     1 |       ||     1
Armor: Robe              |    11 |    35 ||    46
Dodge: Dodged            |    43 |    94 ||   137
